 Dungeon Crawl Stone Soup version 0.31-a0-232-gb1c03b2570 (webtiles) character file.

Game seed: 13709425370450920638

529 qw the Shooter (level 7, -1/43 HPs)
             Began as a Gargoyle Hexslinger on July 7, 2023.
             Slain by Grinder (2 damage)
             ... in a sewer.
             The game lasted 00:01:23 (3301 turns).

qw the Shooter (Gargoyle Hexslinger)                Turns: 3301, Time: 00:01:23

Health: -1/43      AC: 11    Str: 11    XL:     7   Next: 23%
Magic:  8/8        EV: 10    Int: 14    God:
Gold:   84         SH:  0    Dex: 14    Spells: 7/8 levels left

rFire   . . .        Y - +1 sling (elec)
rCold   . . .        (no shield)
rNeg    + . .        i - +0 ring mail
rPois   inf          (no helmet)
rElec   +            h - +0 cloak
rCorr   .            (no gloves)
SInv    .            (no boots)
Will    .....        (no amulet)
Stlth   +            (no ring)
HPRegen 0.27/turn    (no ring)
MPRegen 0.11/turn

%: no passive effects
@: no status effects
A: sickness immunity, AC +4, negative energy resistance 1, electricity
resistance, torment resistance 1, petrification resistance
a: no special abilities


You were in a sewer.
You visited 1 branch of the dungeon, and saw 4 of its levels.
You also visited: Sewer.

You collected 183 gold pieces.
You spent 99 gold pieces at shops.


Innate Abilities, Weirdness & Mutations

You are immune to sickness and miasma.
Your stone body is resilient. (AC +4)
You are immune to poison.
You resist negative energy. (rN+)
You are resistant to electric shocks. (rElec)
You are resistant to unholy torment.
You are immune to petrification.


   Skills:
 - Level 4.0 Fighting
 + Level 6.5 Ranged Weapons
 - Level 1.2 Armour
 - Level 1.5 Dodging
 - Level 1.0 Spellcasting
 - Level 2.6 Hexes


You had 7 spell levels left.
You knew the following spells:

 Your Spells              Type           Power      Damage    Failure   Level
a - Slow                  Hex            32%        N/A       21%         1

Your spell library contained the following spells:

 Spells                   Type           Power      Damage    Failure   Level
 Inner Flame              Hex/Fire       4%         N/A       71%         3
 Portal Projectile        Hex/Tloc       8%         N/A       71%         3
 Cause Fear               Hex            4%         N/A       90%         4

Inventory:

Hand Weapons
 Y - a +1 sling of electrocution (weapon)
Armour
 h - a +0 cloak (worn)
 i - a +0 ring mail (worn)
Scrolls
 f - a scroll of identify
Potions
 a - a potion of might
 c - a potion of berserk rage {unknown}
 d - 7 potions of curing
 g - a potion of enlightenment {unknown}
 k - a potion of haste {unknown}

Dungeon Overview and Level Annotations

Branches:
Dungeon (4/15)              Sewer (1/1)
 Temple: D:4-7

Altars:
Kikubaaqudgha
Qazlal
Xom

Shops:
D:3 !

Annotations:
Sewer Grinder


Message History

The kobold brigand zaps a wand.
The puff of flame hits you! The kobold completely misses you.
3294 ||| READING scroll of teleportation.
As you read the scroll of teleportation, it crumbles to dust.
You feel strangely unstable.
The kobold brigand completely misses you.
The kobold hits you but does no damage.
You shoot a sling bullet.
The sling bullet closely misses the kobold brigand.
The kobold brigand hits you with a +0 club.
The kobold barely misses you.
You shoot a sling bullet.
The sling bullet barely misses the kobold brigand.
The kobold brigand hits you with a +0 club.
The kobold misses you. The kobold hits you but does no damage.
The kobold brigand hits you but does no damage.
You shoot a sling bullet.
The sling bullet barely misses the kobold brigand.
The kobold brigand zaps a wand.
The puff of flame misses you. The kobold completely misses you.
You shoot a sling bullet.
The sling bullet barely misses the kobold brigand.
Your surroundings suddenly seem different.
A shadow imp and Grinder come into view.
Found a dagger, a book of Necromancy, a potion of might and 13 gold pieces.
Found a gate leading back out of this place.
Grinder shouts!
Grinder closely misses you. The shadow imp closely misses you.
Enter note:
Enter note: You shoot a sling bullet.
The sling bullet barely misses Grinder.
Grinder hits you but does no damage. The shadow imp barely misses you.
Grinder barely misses you. The shadow imp hits you.
You shoot a sling bullet. The sling bullet hits Grinder.
Grinder is lightly wounded.
Grinder blinks!
The shadow imp closely misses you.
You shoot a sling bullet. The sling bullet hits Grinder.
Grinder is lightly wounded.
Grinder hits you.
You writhe in agony.
You die...

~~# ~~# ~~#
~~###+++##
.~##.....#########
.###..¤...#~~~~~~##
..#)....¤.+......$###
.)).¤._...+....5.5!\#
.)#.....¤.+.....@)#
.###..¤...#~~~~~~##
~~##..K..#########
~~###'K'## ~~# ~...~#
~~##~...~# .~##~)..~#
~~##~...~# ~###~...~#


You could see Grinder and a shadow imp.

Vanquished Creatures
  A black bear (D:4)
  2 phantoms (D:4)
  A kobold brigand (Sewer)
  8 adders
  A river rat (D:4)
  5 ufetubi (Sewer)
  3 dart slugs
  7 bats
  12 endoplasms
  2 giant cockroaches
  7 hobgoblins
  10 jackals
  20 kobolds
  7 quokkas
  8 ball pythons
  7 frilled lizards
  5 goblins
  11 rats
117 creatures vanquished.

Vanquished Creatures (others)
  A kobold zombie (Sewer)
1 creature vanquished.

Grand Total: 118 creatures vanquished

Notes
Turn   | Place    | Note
-------+----------+-------------------------------------------
     0 | D:1      | qw the Gargoyle Hexslinger began the quest for the Orb.
     0 | D:1      | Reached XP level 1. HP: 12/12 MP: 2/2
     0 | D:1      | 0 ||| qw: Version: 0.3-a-46-gb1f654a
     0 | D:1      | 0 ||| qw: Game counter: 2270
     0 | D:1      | 0 ||| qw: Melee chars always use a shield: true
     0 | D:1      | 0 ||| qw: God list: Okawaru
     0 | D:1      | 0 ||| qw: Allow faded altars: false
     0 | D:1      | 0 ||| qw: Do Orc after clearing Dungeon:15 true
     0 | D:1      | 0 ||| qw: Do second Lair branch before Depths: true
     0 | D:1      | 0 ||| qw: Lair rune preference: random
     0 | D:1      | 0 ||| qw: Goals: Normal
     0 | D:1      | 0 ||| PLANNING D:1-11
   184 | D:1      | Reached XP level 2. HP: 16/16 MP: 3/3
   278 | D:1      | Reached skill level 3 in Ranged Weapons
   450 | D:1      | Found a faded altar of an unknown god.
   589 | D:1      | Reached XP level 3. HP: 21/21 MP: 4/4
   786 | D:1      | 786 ||| UPGRADING to +0 cloak.
   791 | D:1      | 791 ||| UPGRADING to +0 ring mail.
   801 | D:1      | 801 ||| DROPPING +0 robe.
   802 | D:1      | 802 ||| READING scroll labelled ZAISCH ETHRYDGHA.
   807 | D:1      | 807 ||| READING scroll labelled ISKOEF WOFU.
   808 | D:1      | 808 ||| READING scroll labelled QYANO ILAN.
   809 | D:1      | 809 ||| READING 2 scrolls labelled VANILA ETHROTRO.
   810 | D:1      | 810 ||| READING scroll labelled IRRUTIEGIG.
   811 | D:1      | 811 ||| DRINKING 3 sedimented red potions.
   812 | D:1      | 812 ||| DROPPING scroll of poison.
   813 | D:1      | 813 ||| DROPPING scroll of immolation.
   922 | D:2      | Reached skill level 1 in Armour
   932 | D:2      | Found an ancient bone altar of Kikubaaqudgha.
  1096 | D:2      | Reached XP level 4. HP: 26/26 MP: 5/5
  1424 | D:2      | 1424 ||| DROPPING +6 ring of intelligence.
  1425 | D:2      | 1425 ||| READING 4 scrolls labelled NADDAW RINU.
  1426 | D:2      | 1426 ||| READING scroll labelled RYIGIQU IZAL.
  1427 | D:2      | 1427 ||| DROPPING 3 scrolls of blinking.
  1583 | D:3      | Reached skill level 4 in Ranged Weapons
  1705 | D:3      | Found Giehin's Distillery.
  1710 | D:3      | 1710 ||| SHOPLISTING 2 potions of cancellation (176 gold,
                  | have 126).
  1710 | D:3      | 1710 ||| BUYING potion of curing (33 gold).
  1710 | D:3      | Bought a potion of curing for 33 gold pieces
  1710 | D:3      | 1710 ||| BUYING potion of curing (33 gold).
  1710 | D:3      | Bought a potion of curing for 33 gold pieces
  1710 | D:3      | 1710 ||| BUYING potion of curing (33 gold).
  1710 | D:3      | Bought a potion of curing for 33 gold pieces
  1710 | D:3      | 1710 ||| SHOPLISTING potion of haste (110 gold, have 27).
  1710 | D:3      | 1710 ||| SHOPLISTING potion of heal wounds (55 gold, have
                  | 27).
  2157 | D:3      | 2157 ||| Stepping ~*~*~tactically~*~*~ (outnumbered).
  2414 | D:3      | 2414 ||| READING scroll labelled SEMOLI GOOMOFA.
  2415 | D:3      | 2415 ||| READING scroll labelled VATUCA XECWA.
  2416 | D:3      | 2416 ||| DRINKING 2 lumpy brown potions.
  2417 | D:3      | 2417 ||| DRINKING 3 emerald potions.
  2444 | D:3      | 2444 ||| DROPPING 2 potions of lignification.
  2480 | D:4      | 2480 ||| PLANNING SEWER
  2500 | D:4      | Noticed a phantom
  2506 | D:4      | Killed a phantom
  2507 | D:4      | Reached skill level 5 in Ranged Weapons
  2507 | D:4      | Reached XP level 5. HP: 30/30 MP: 6/6
  2586 | D:4      | Noticed a black bear
  2597 | D:4      | Killed a black bear
  2598 | D:4      | Reached skill level 3 in Fighting
  2598 | D:4      | Reached XP level 6. HP: 22/37 MP: 7/7
  2660 | D:4      | 2660 ||| Stepping ~*~*~tactically~*~*~ (outnumbered).
  2661 | D:4      | 2661 ||| Stepping ~*~*~tactically~*~*~ (outnumbered).
  2663 | D:4      | 2663 ||| Stepping ~*~*~tactically~*~*~ (outnumbered).
  2822 | D:4      | Found a shimmering altar of Xom.
  2826 | D:4      | Found a stormy altar of Qazlal.
  2830 | D:4      | Found an ancient bone altar of Kikubaaqudgha.
  3074 | D:4      | Reached skill level 6 in Ranged Weapons
  3112 | D:4      | Found a glowing drain.
  3115 | D:4      | 3115 ||| Stepping ~*~*~tactically~*~*~ (water).
  3125 | Sewer    | Entered a sewer
  3194 | Sewer    | Reached XP level 7. HP: 43/43 MP: 8/8
  3241 | Sewer    | Found a burning altar of Makhleb.
  3244 | Sewer    | 3244 ||| Stepping ~*~*~tactically~*~*~ (outnumbered).
  3293 | Sewer    | HP: 8/43 [kobold brigand/puff of flame (10)]
  3294 | Sewer    | 3294 ||| READING scroll of teleportation.
  3298 | Sewer    | Noticed Grinder
  3299 | Sewer    | HP: 3/43 [shadow imp (3)]
  3301 | Sewer    | HP: 1/43 [Grinder (3)]
  3301 | Sewer    | Slain by Grinder

Levels and vault maps discovered:
D:1:      psy_arrival_statuary, layout_basic, chequers_ecumenical_altar_simple
D:2:      layout_loops_ring, basic_altar, nicolae_half_adder
D:3:      minmay_diamond_boxcup, layout_basic, serial_shops,
          nicolae_shop_rolling_square
D:4:      layout_basic, grunt_temple_overflow_diamond, portal_sewer_entry_b,
          grunt_decor_resistance, sigmund_army
Sewer:    kennysheep_sewer_church

Skill      XL: |  1  2  3  4  5  6 |
---------------+-------------------+-----
Ranged Weapons | 3 5 6 |  6.5
Fighting       | 2 3 4 |  4.0
Armour         | 1 |  1.2
Dodging        | |  1.5
Spellcasting   | |  1.0
Hexes          | |  2.6

Action                     |  1- 3 |  4- 6 |  7- 9 || total
---------------------------+-------+-------+-------++-------
   Fire: Sling             |    80 |   190 |    55 ||   325
    Use: Scroll            |     5 |     4 |     1 ||    10
         Potion            |     1 |     2 |       ||     3
 Armour: Robe              |    10 |       |       ||    10
         Ring mail         |    12 |    72 |    39 ||   123
  Dodge: Dodged            |    20 |    84 |    49 ||   153

Table legend:
 A = Non-vault XP
 B = Vault XP
 C = Vault XP percentage of total XP
 D = Non-vault monster count
 E = Vault monster count
 F = Vault count percentage of total count
                 A         B        C        D         E       F
            +---------+---------+-------+---------+---------+-------
      Total |     492 |     264 |  34.9 |      67 |      50 |  42.7
            +---------+---------+-------+---------+---------+-------
        D:1 |      41 |       0 |   0.0 |      24 |       0 |   0.0
        D:2 |      47 |      27 |  36.5 |      14 |       2 |  12.5
        D:3 |      21 |      26 |  55.3 |      11 |       8 |  42.1
        D:4 |     383 |      48 |  11.1 |      18 |      15 |  45.5
      Sewer |       0 |     163 | 100.0 |       0 |      25 | 100.0
            +---------+---------+-------+---------+---------+-------
